 Dungeon Crawl Stone Soup version 0.27.0-1-g7a089689b8 (webtiles) character file.

Game seed: 9666588205002107510

142426 bnorton916 the Gelid (level 16, -6/79 HPs)
             Began as a Deep Elf Conjurer on Aug 10, 2021.
             Was a Plaything of Xom.
             Succumbed to a ghost moth's poison
             ... on level 3 of the Spider Nest.
             The game lasted 02:32:05 (61950 turns).

bnorton916 the Gelid (Deep Elf Conjurer)           Turns: 61950, Time: 02:32:06

Health: -6/79      AC: 15    Str:  9 (11) XL:     16   Next: 80%
Magic:  0/33       EV: 17    Int: 32 (34) God:    Xom [*.....]
Gold:   3067       SH:  6    Dex:  7 (13) Spells: 4/38 levels left

rFire    . . .     SeeInvis .   d - staff of conjuration
rCold    + . .     Faith    .   T - +0 buckler {AC+3}
rNeg     + . .     Spirit   .   (no armour)
rPois    +         Reflect  .   R - +3 hat of Asewk {rElec rN+ Will+ rCorr}
rElec    +         Harm     .   P - +2 cloak
rCorr    +         Rampage  .   n - +2 pair of gloves
Will     ++++.     Rnd*Rage +   (no boots) Stlth +++.......Rnd*Tele +
                                U - amulet of magic regeneration
HPRegen  0.23/turn              G - +4 ring of evasion
MPRegen  0.48/turn              f - ring "Kohof" {+Blink rPois rCorr Str+6}

@: lethally poisoned (-6 -> -56), unable to read
A: horns 1, iridescent scales 1, berserk 1, clever 2, cold resistance 1,
deterioration 1, frail 1, strong-willed 2, shaggy fur 1, teleportitis 1,
inability to read while threatened, noise suppression
a: Renounce Religion, Evoke Blink


You were on level 3 of the Spider Nest.
You worshipped Xom.
You were a special plaything of Xom.
You visited 5 branches of the dungeon, and saw 27 of its levels.
You visited the Abyss 2 times.
You also visited: Sewer and Gauntlet.

You collected 5149 gold pieces.
You spent 2082 gold pieces at shops.

Inventory:

Hand Weapons
 t - a +0 vorpal broad axe
 O - the +10 spear of Matse {flame, rPois Str+6}
   (You took it off a spriggan on level 6 of the Lair of Beasts)

   It burns those it strikes, dealing additional fire damage.
   Str:       It affects your strength (+6).
   rPois:     It protects you from poison.
Missiles
 a - 13 curare-tipped darts
 h - 5 atropa-tipped darts
 m - 659 stones
 B - 11 silver javelins
Armour
 i - the +1 robe of Fun and Games {rF+ Regen+ Dex+4}
   (You found it on level 3 of the Spider Nest)

   Dex:       It affects your dexterity (+4).
   rF:        It protects you from fire.
   Regen:     It increases your rate of health regeneration.
 n - a +2 pair of gloves (worn)
 p - the +1 leather armour of Dogmatism {Str-3 Int+3 SInv}
   (You found it on level 3 of the Spider Nest)

   Str:       It affects your strength (-3).
   Int:       It affects your intelligence (+3).
   SInv:      It lets you see invisible.
 s - a +2 robe of resistance
 P - a +2 cloak (worn)
 R - the +3 hat of Asewk (worn) {rElec rN+ Will+ rCorr}
   (You acquired it on level 2 of the Dungeon)

   rElec:     It insulates you from electricity.
   rN:        It protects you from negative energy.
   rCorr:     It protects you from acid and corrosion.
   Will:      It increases your willpower.
 T - a +0 buckler of protection (worn)
Magical Staves
 d - a staff of conjuration (weapon)
Jewellery
 f - the ring "Kohof" (right hand) {+Blink rPois rCorr Str+6}
   (You found it in a Gauntlet)

   [ring of strength]

   Str:       It affects your strength (+6).
   rPois:     It protects you from poison.
   +Blink:    It lets you blink.
   rCorr:     It protects you from acid and corrosion.
 v - the ring "Qenaofo" {rCorr Str+5 Int+3 Slay-5}
   (You bought it in a shop on level 5 of the Dungeon)

   [ring of resist corrosion]

   Str:       It affects your strength (+5).
   Int:       It affects your intelligence (+3).
   Slay:      It affects your accuracy & damage with ranged weapons and melee
   (-5).
   rCorr:     It protects you from acid and corrosion.
 w - an amulet of reflection
 x - a ring of protection from fire
 y - the ring of Wasauh {Will+ Slay+5}
   (You found it on level 6 of the Dungeon)

   [ring of willpower]

   Slay:      It affects your accuracy & damage with ranged weapons and melee
   (+5).
   Will:      It increases your willpower.
 G - a +4 ring of evasion (left hand)
 U - an amulet of magic regeneration (around neck)
Wands
 b - a wand of mindburst (36)
 j - a wand of digging (9)
 u - a wand of iceblast (22)
 C - a wand of polymorph (25)
 I - a wand of paralysis (20)
 M - a wand of flame (66)
 V - a wand of acid (1)
 X - a wand of charming (11)
Scrolls
 c - 3 scrolls of fog
 o - 4 scrolls of enchant weapon
 A - 2 scrolls of amnesia
 E - 6 scrolls of identify
Potions
 e - 7 potions of brilliance
 g - 6 potions of haste
 k - 3 potions of might
 l - a potion of resistance
 q - 5 potions of curing
 r - 4 potions of berserk rage
 D - 2 potions of cancellation
 F - 6 potions of flight
 Y - 2 potions of invisibility
Miscellaneous
 z - a piece from Xom's chessboard (15/15)


   Skills:
 - Level 6.1 Fighting
 - Level 10.9 Axes
 - Level 7.8 Dodging
 - Level 6.3 Stealth
 - Level 10.5 Shields
 + Level 11.7 Spellcasting
 + Level 13.3 Conjurations
 - Level 7.7 Hexes
 - Level 8.1 Necromancy
 - Level 6.4 Translocations
 - Level 6.6 Transmutations
 - Level 17.0 Ice Magic
 - Level 7.4 Earth Magic
 - Level 4.0 Evocations


You had 4 spell levels left.
You knew the following spells:

 Your Spells              Type           Power      Damage    Failure   Level
a - Magic Dart            Conj           100%       1d8       0%          1
b - Searing Ray           Conj           100%       3d7       0%          2
c - Fulminant Prism       Conj/Hex       46%        3d21      1%          4
d - Iskenderun's Mystic   Conj/Tloc      89%        2d17      1%          4
e - Spider Form           Tmut/Pois      20%        N/A       1%          3
f - Borgnjor's Vile Clut  Necr/Erth      31%        N/A       3%          5
g - Ozocubu's Armour      Ice            91%        N/A       0%          3
h - Ozocubu's Refrigerat  Ice            45%        4d14      1%          7
i - Freezing Cloud        Conj/Ice/Air   45%        6-21      1%          5

Your spell library contained the following spells:

 Spells                   Type           Power      Damage    Failure   Level
 Beastly Appendage        Tmut           100%       N/A       1%          1
 Ensorcelled Hibernation  Hex/Ice        100%       N/A       1%          2
 Wereblood                Tmut           57%        N/A       1%          2
 Conjure Flame            Conj/Fire      75%        6-21      1%          3
 Dazzling Flash           Conj/Hex       100%       N/A       1%          3
 Summon Guardian Golem    Hex/Summ       43%        N/A       1%          3
 Sticky Flame             Conj/Fire      75%        2d9       1%          4
 Summon Small Mammal      Summ           72%        N/A       2%          1
 Ignite Poison            Fire/Tmut/Pois 33%        N/A       3%          3
 Animate Armour           Summ/Erth      84%        N/A       5%          4
 Call Canine Familiar     Summ           18%        N/A       8%          3
 Irradiate                Conj/Tmut      45%        3d28      1%          5
 Simulacrum               Ice/Necr       39%        N/A       2%          6
 Blade Hands              Tmut           28%        N/A       4%          5
 Iron Shot                Conj/Erth      45%        9d9       5%          6
 Alistair's Intoxication  Tmut/Pois      26%        N/A       19%         5
 Dispersal                Tloc           28%        N/A       26%         6
 Eringya's Noxious Bog    Tmut/Pois      20%        N/A       69%         6
 Dragon Form              Tmut           28%        N/A       80%         7
 Polar Vortex             Ice            45%        N/A       93%         9
 Shadow Creatures         Summ           N/A        N/A       98%         6
 Disjunction              Tloc           28%        N/A       100%        8


Dungeon Overview and Level Annotations

Branches:
Dungeon (14/15)            Temple (0/1) D:7            Lair (6/6) D:11
 Shoals (0/4) Lair:3       Spider (4/4) Lair:3        Slime (0/5) Lair:6
    Orc (2/2) D:9             Elf (1/3) Orc:2        Vaults (0/5) D:13
  Sewer (visited)         Gauntlet (visited)

Altars:
Cheibriados
Fedhas
Hepliaklqana
Makhleb
Trog
Wu Jian
Xom
Yredelemnul
Beogh

Shops:
D:2 *   D:3 *   D:5 *   D:10 [   Orc:2 ([:*

Annotations:
Lair:3 Gastronok


Innate Abilities, Weirdness & Mutations

You have a pair of small horns on your head.
You are partially covered in iridescent scales. (AC +2)
You tend to lose your temper in combat.
Your mind is very acute. (Int +4)
Your flesh is cold resistant. (rC+)
Your body sometimes deteriorates upon taking damage.
You are frail. (-10% HP)
You are highly strong-willed. (Will++)
You are covered in fur. (AC +1)
You are occasionally teleported next to monsters.
You sometimes lose the ability to read scrolls when taking damage.
You passively dampen the noise of your surroundings.


Message History

Something stings you but does no damage.
You continue taking off the +1 robe of Fun and Games {rF+ Regen+ Dex+4}.
You feel you are being watched by something.
You feel your power leaking away. Something completely misses you.
Something hits you but does no damage. Something stings you.
You finish taking off the +1 robe of Fun and Games {rF+ Regen+ Dex+4}.
Unknown command.
Unknown command.
Unknown command.
Something barely misses you. You block something's attack.
Keep equipping yourself?
Something stings you.
You feel threatened and lose the ability to read scrolls!
Something hits you but does no damage. x2; You block something's attack.
You start putting on your armour.
You continue putting on the +1 leather armour of Dogmatism {Str-3 Int+3 SInv}.
You feel you are being watched by something.
You feel your power leaking away. Something hits you but does no damage.
Something hits you! Something stings you!
You continue putting on the +1 leather armour of Dogmatism {Str-3 Int+3 SInv}.
You feel you are being watched by something.
Something barely misses you. Something hits you. Something stings you.
* * * LOW HITPOINT WARNING * * *
You continue putting on the +1 leather armour of Dogmatism {Str-3 Int+3 SInv}.
You can read scrolls again.
You feel you are being watched by something.
You feel your power leaking away. Something hits you!
You feel threatened and lose the ability to read scrolls!
* * * LOW HITPOINT WARNING * * *
You feel weakened. Something hits you but does no damage. Something stings you.
* * * LOW HITPOINT WARNING * * *
You are lethally poisoned!
Something poisons you!
You continue putting on the +1 leather armour of Dogmatism {Str-3 Int+3 SInv}.
You die...
Xom howls with laughter!

.....# ####..####.# ##^...#..#
....### ##...##...#####...#^...#
......###....#......##...###...#
.^....##..:..#...........#.#...#
..#...>##......#........^......#
..#.#..###.>..##....##.....^...#
####.....##.^.#.^######..##..###
#.......#......# #..##....#
####......#....{@# ###..#....##
#.....#.^####..#####.##.##....#
#.....#.##....##.#....##......#
#.....####..........#####....###
....### ####.....^..##....#...#
##^..# ##.##.......##........#
#..#### #......###..........###
#....^# ##.......###......###
#....#####......## ##....##


There were no monsters in sight!

Vanquished Creatures
  Arachne (Spider:4)
  Rupert (Lair:3)
  2 tentacled starspawn
  A frost giant (D:9)
  A deep elf sorcerer (Abyss:5)
  An orc warlord (Orc:1)
  The ghost of hawla the Necromancer, a journeyman DENe of Ashenzari (Lair:6)
  3 spark wasps (Spider:4)
  3 entropy weavers
  Snorg (Lair:3)
  An ettin (Orc:2)
  13 hydras
  3 vault guards (D:13)
  3 two-headed ogres
  3 boulder beetles
  A catoblepas (D:13)
  A centaur warrior (D:14)
  A tengu warrior (D:13)
  Sonja (D:10)
  2 orc high priests (Orc:2)
  A wretched star (Abyss:5)
  A fire crab (Spider:2)
  A sea snake (Lair:3)
  A spatial maelstrom (Abyss:5)
  A flayed ghost (D:9)
  2 sixfirhies (Abyss:5)
  2 lindwurms
  18 orb spiders
  Pikel (D:5)
  6 orc knights
  A harpy (Spider:1)
  6 oklob plants
  2 manticores (D:9)
  4 orc sorcerers (Orc:2)
  25 wolf spiders
  6 elephants
  6 cyclopes
  A moth of wrath (Spider:3)
  Maurice (D:13)
  A water nymph (shapeshifter) (D:14)
  4 black mambas
  Joseph (D:10)
  A gargoyle (D:14)
  4 torpor snails
  2 kobold demonologists (D:12)
  A rime drake (Lair:4)
  7 cane toads
  An unseen horror (D:12)
  14 demonic crawlers
  13 komodo dragons
  A freezing wraith (D:9)
  A tengu conjurer (D:13)
  8 trolls
  30 jumping spiders
  9 polar bears
  A tyrant leech (D:13)
  13 hornets
  Grinder (D:6)
  A merfolk (D:9)
  2 snapping turtles
  A raiju (Spider:1)
  3 slime creatures (D:12)
  16 blink frogs
  A dream sheep (Lair:6)
  Sigmund (D:5)
  45 redbacks
  A vampire (D:12)
  2 shadows
  A tarantella (shapeshifter) (D:13)
  14 tarantellas
  5 wyverns
  16 spriggans
  8 humans (D:13)
  4 wraiths
  A basilisk (D:11)
  A chaos spawn (Abyss:4)
  38 yaks
  2 vampire mosquitoes (D:13)
  A steam dragon (D:8)
  2 fire bats (Abyss:5)
  3 swamp worms (D:7)
  4 wargs
  An acid dragon (D:8)
  10 water moccasins
  2 floating eyes
  An ice beast (D:5)
  A sky beast (D:7)
  4 black bears
  Purgy (Sewer)
  21 orc warriors
  12 ogres
  5 boggarts (Lair:6)
  A tengu (Lair:6)
  A necrophage (D:6)
  19 wolves
  4 centaurs
  A phantom (D:4)
  A lemure (D:5)
  6 kobold brigands
  19 bullfrogs
  Blork the orc (Orc:2)
  2 water moccasin zombies
  2 gnoll sergeants (D:9)
  5 scorpions
  A water moccasin skeleton (D:5)
  19 wights
  3 howler monkeys (D:9)
  8 electric eels (D:10)
  A starcursed mass (Abyss:4)
  5 centaur zombies
  5 hounds
  A centaur skeleton (D:5)
  17 orc priests
  2 gnoll shamans
  A jelly (D:5)
  2 bullfrog skeletons
  Terence (D:2)
  4 iguanas
  21 orc wizards
  11 hell rats (Lair:6)
  A killer bee zombie (D:6)
  A hound skeleton (D:4)
  A howler monkey zombie (D:9)
  10 gnolls
  5 adders
  4 shadow imps (Gauntlet)
  3 white imps
  An adder zombie (D:5)
  3 worms
  3 dart slugs
  58 orcs
  4 endoplasms
  4 giant cockroaches
  3 goblins (D:1)
  3 hobgoblins
  7 jackals
  A quokka (D:1)
  3 ball pythons (D:1)
  7 bats
  A frilled lizard (D:1)
  19 kobolds
  8 rats
  4 bushes (Lair:4)
  A fulminant prism (Lair:6)
  6 starspawn tentacles
799 creatures vanquished.

Vanquished Creatures (collateral kills)
  A bone dragon (Abyss:4)
  An orc warlord (Orc:2)
  A hell hog (Abyss:4)
  An elephant (Lair:2)
  A jumping spider (Spider:2)
  2 yaks
7 creatures vanquished.

Vanquished Creatures (others)
  Nessos (Lair:5)
  An unseen horror (Abyss:4)
  A jumping spider (Spider:2)
  A redback (Spider:4)
  2 yaks
  A vampire mosquito (D:13)
  An electric eel (D:8)
  11 bushes
  184 fulminant prisms
  65 fungi
  95 plants
  6 starspawn tentacles (Abyss:5)
369 creatures vanquished.

Grand Total: 1175 creatures vanquished

Notes
Turn   | Place    | Note
-------+----------+-------------------------------------------
     0 | D:1      | bnorton916 the Deep Elf Conjurer began the quest for the
                  | Orb.
     0 | D:1      | Reached XP level 1. HP: 10/10 MP: 6/6
   408 | D:1      | Reached XP level 2. HP: 15/15 MP: 5/8
   650 | D:1      | Found a faded altar of an unknown god.
   660 | D:1      | Became a worshipper of Xom of Chaos
   861 | D:1      | XOM: silly message
  1190 | D:1      | XOM: cloud trail
  1378 | D:2      | Found Dopogokk's General Store.
  1452 | D:2      | Reached skill level 5 in Conjurations
  1452 | D:2      | Reached XP level 3. HP: 19/19 MP: 5/10
  1883 | D:2      | Noticed Terence
  2116 | D:1      | Learned a level 2 spell: Searing Ray
  2136 | D:2      | Killed Terence
  2430 | D:3      | Reached XP level 4. HP: 24/24 MP: 6/12
  2858 | D:3      | Found Meging's Assorted Antiques.
  3087 | D:3      | XOM: draining
  3255 | D:3      | XOM: silly message
  3268 | D:4      | Identified a scroll of acquirement
  3268 | D:4      | Acquired a staff of conjuration
  3312 | D:4      | Reached skill level 5 in Spellcasting
  3327 | D:4      | Learned a level 4 spell: Fulminant Prism
  3332 | D:4      | Learned a level 4 spell: Iskenderun's Mystic Blast
  3464 | D:4      | XOM: silly message
  3519 | D:4      | XOM: 1-stop teleportation journey
  3615 | D:4      | Noticed an ogre
  3616 | D:4      | XOM: draining
  3622 | D:4      | Killed an ogre
  3623 | D:4      | Reached XP level 5. HP: 22/28 MP: 5/15
  3632 | D:4      | XOM: swap monsters
  3961 | D:4      | XOM: give mutations
  3961 | D:4      | Gained mutation: You sometimes lose the ability to read
                  | scrolls when taking damage. [Xom's mischief]
  3961 | D:4      | Gained mutation: You are clumsy. (Dex -2) [Xom's mischief]
  3961 | D:4      | Gained mutation: You are very clumsy. (Dex -4) [Xom's
                  | mischief]
  3961 | D:4      | Gained mutation: Armour fits poorly on your strangely
                  | shaped body. [Xom's mischief]
  3998 | D:4      | Reached XP level 6. HP: 32/32 MP: 14/17
  4263 | D:4      | Reached XP level 7. HP: 6/36 MP: 10/19
  4491 | D:4      | XOM: stat loss: -1 Str (3/4)
  4641 | D:5      | Entered Level 5 of the Dungeon
  4744 | D:5      | Found a glowing drain.
  4748 | Sewer    | Entered a sewer
  4902 | Sewer    | Noticed Purgy
  4905 | Sewer    | Killed Purgy
  5248 | D:5      | Noticed Sigmund
  5252 | D:5      | Killed Sigmund
  5521 | D:5      | Noticed Pikel
  5527 | D:5      | Killed Pikel
  5528 | D:5      | Reached XP level 8. HP: 41/41 MP: 10/23
  5536 | D:5      | XOM: give mutations
  5536 | D:5      | Gained mutation: Your body sometimes deteriorates upon
                  | taking damage. [Xom's mischief]
  5536 | D:5      | Lost mutation: Armour fits poorly on your strangely shaped
                  | body. [Xom's mischief]
  5536 | D:5      | Lost mutation: Your body sometimes deteriorates upon taking
                  | damage. [Xom's mischief]
  5566 | D:5      | XOM: give mutation
  5566 | D:5      | Gained mutation: You are dopey. (Int -2) [Xom's mischief]
  5702 | D:5      | XOM: give mutations
  5702 | D:5      | Lost mutation: You sometimes lose the ability to read
                  | scrolls when taking damage. [Xom's mischief]
  5702 | D:5      | Lost mutation: You are very clumsy. (Dex -4) [Xom's
                  | mischief]
  5702 | D:5      | Gained mutation: You have supernaturally acute eyesight.
                  | (SInv) [Xom's mischief]
  5702 | D:5      | Gained mutation: You expend magic power (3 MP) to
                  | strengthen your wands. [Xom's mischief]
  5814 | D:5      | Reached skill level 10 in Spellcasting
  5989 | D:5      | XOM: noise
  6007 | D:5      | Found Pejol's Assorted Antiques.
  6011 | D:5      | Bought a twitching copper ring for 140 gold pieces
  6011 | D:5      | Identified the ring "Qenaofo" {rCorr Str+5 Int+3 Slay-5}
                  | (You bought it in a shop on level 5 of the Dungeon)
  6046 | D:5      | XOM: blink monster(s)
  6232 | D:5      | Reached skill level 1 in Axes
  6232 | D:5      | Reached skill level 1 in Hexes
  6424 | D:5      | Reached skill level 1 in Translocations
  6569 | D:5      | XOM: 1-stop teleportation journey
  6598 | D:5      | XOM: give mutations
  6598 | D:5      | Gained mutation: You are frail. (-10% HP) [Xom's mischief]
  6598 | D:5      | Lost mutation: You are dopey. (Int -2) [Xom's mischief]
  6598 | D:5      | Lost mutation: You are frail. (-10% HP) [Xom's mischief]
  6652 | D:5      | Found a snail-covered altar of Cheibriados.
  6730 | D:5      | XOM: give mutations
  6730 | D:5      | Lost mutation: You have supernaturally acute eyesight.
                  | (SInv) [Xom's mischief]
  6730 | D:5      | Lost mutation: You expend magic power (3 MP) to strengthen
                  | your wands. [Xom's mischief]
  6760 | D:5      | Found a basalt altar of Yredelemnul.
  6844 | D:5      | XOM: stat loss: -1 Str (8/9)
  6962 | D:5      | XOM: silly message
  7213 | D:6      | Reached XP level 9. HP: 45/45 MP: 19/25
  7507 | D:6      | XOM is BORED!
  7507 | D:6      | XOM: silly message
  7509 | D:6      | XOM: silly message
  7583 | D:6      | Noticed Grinder
  7590 | D:6      | Killed Grinder
  7753 | D:6      | Identified the ring of Wasauh {Will+ Slay+5}
  8262 | D:7      | Found a staircase to the Ecumenical Temple.
  8342 | D:7      | XOM: silly message
  8431 | D:7      | Reached skill level 5 in Hexes
  8506 | D:7      | XOM: potion effect (magic)
  8601 | D:7      | XOM: god gift: robe {god gift}
  8611 | D:7      | Reached skill level 5 in Axes
  8900 | D:7      | Reached skill level 5 in Translocations
  9499 | D:7      | XOM: noise
  9531 | D:7      | Found an ornate altar of the Wu Jian Council.
  9829 | D:8      | XOM: 2-stop teleportation journey
  9855 | D:8      | Reached XP level 10. HP: 50/50 MP: 22/26
  9882 | D:8      | XOM: give mutations
  9882 | D:8      | Gained mutation: Your body sometimes deteriorates upon
                  | taking damage. [Xom's mischief]
  9882 | D:8      | Lost mutation: Your body sometimes deteriorates upon taking
                  | damage. [Xom's mischief]
  9882 | D:8      | Gained mutation: You are robust. (+10% HP) [Xom's mischief]
  9882 | D:8      | Lost mutation: You are robust. (+10% HP) [Xom's mischief]
 10439 | D:7      | XOM is BORED!
 10439 | D:7      | XOM: summons 6 hostile demons
 10489 | D:5      | Bought a glowing helmet for 210 gold pieces
 10667 | D:8      | XOM: god gift: robe {god gift}
 11173 | D:9      | XOM: summons friendly shadow imp
 11315 | D:9      | XOM: polymorph shadow imp -> iron imp
 11359 | D:9      | Found a staircase to the Orcish Mines.
 11383 | D:9      | XOM: scenery: create altars
 12338 | D:9      | Identified the +1 leather armour of Infinity {Str+6}
 12358 | D:9      | Found a bloodstained altar of Trog.
 12439 | D:9      | Reached skill level 10 in Conjurations
 12510 | D:9      | XOM: scenery: create altars
 12716 | D:9      | XOM: god gift: wand of iceblast (11)
 13132 | D:9      | Noticed a six-headed hydra
 13135 | D:9      | Noticed a manticore
 13136 | D:9      | XOM: summons 2 hostile demons
 13139 | D:9      | Killed a six-headed hydra
 13140 | D:9      | Reached skill level 5 in Dodging
 13359 | D:9      | Learned a level 3 spell: Spider Form
 13381 | D:9      | Killed a manticore
 13382 | D:9      | Reached skill level 1 in Transmutations
 13562 | D:9      | Noticed a two-headed ogre
 13596 | D:9      | Noticed a frost giant
 13600 | D:9      | XOM: butterfly on damage
 13604 | D:9      | Killed a frost giant
 13605 | D:9      | Reached XP level 11. HP: 20/54 MP: 2/27
 13614 | D:9      | XOM: cleaving
 13616 | D:9      | a two-headed ogre changed into a merfolk
 13616 | D:9      | XOM: polymorph two-headed ogre -> merfolk
 13618 | D:9      | XOM: 3-stop teleportation journey
 13986 | D:9      | Noticed an eight-headed hydra
 13998 | D:9      | Killed an eight-headed hydra
 14212 | D:10     | Entered Level 10 of the Dungeon
 14381 | D:9      | XOM is BORED!
 14381 | D:9      | XOM: give mutation
 14381 | D:9      | Gained mutation: You occasionally shout uncontrollably at
                  | your foes. [Xom's mischief]
 14435 | D:9      | XOM: give mutations
 14435 | D:9      | Lost mutation: You are clumsy. (Dex -2) [Xom's mischief]
 14435 | D:9      | Gained mutation: Your body sometimes deteriorates upon
                  | taking damage. [Xom's mischief]
 14483 | D:9      | Noticed an eight-headed hydra
 14487 | D:9      | Noticed a flayed ghost
 14489 | D:9      | XOM: potion effect (brilliance)
 14491 | D:9      | Killed an eight-headed hydra
 14496 | D:9      | Killed a flayed ghost
 14563 | D:9      | XOM: god gift: 60 gold pieces
 14621 | D:9      | XOM: give mutation
 14621 | D:9      | Gained mutation: Your system is resistant to poisons.
                  | (rPois) [Xom's grace]
 14659 | D:9      | XOM: scenery: 1 doors close
 15007 | D:9      | XOM: god gift: staff of earth
 15014 | D:10     | Reached skill level 10 in Axes
 15033 | D:10     | Noticed Sonja
 15034 | D:10     | XOM: confuse monster(s)
 15035 | D:10     | XOM: potion effect (invisibility)
 15172 | D:10     | Killed Sonja
 15183 | D:10     | XOM: give mutations
 15183 | D:10     | Gained mutation: You have supernaturally acute eyesight.
                  | (SInv) [Xom's grace]
 15183 | D:10     | Gained mutation: You have a pair of small antennae on your
                  | head. [Xom's grace]
 15183 | D:10     | Gained mutation: Your spells are a little harder to cast,
                  | but a little more powerful. [Xom's grace]
 15184 | D:10     | Found a blossoming altar of Fedhas.
 15184 | D:10     | XOM: 6-stop teleportation journey
 15760 | D:10     | XOM: god gift: 1145 gold pieces
 15886 | D:6      | XOM: cloud trail
 15961 | D:2      | Bought a scroll of acquirement for 676 gold pieces
 15961 | D:2      | Bought 6 curare-tipped darts for 46 gold pieces
 15961 | D:2      | Acquired the +3 hat of Asewk {rElec rN+ Will+ rCorr}
 16088 | D:7      | XOM: cloud trail
 16173 | D:10     | Noticed Joseph
 16185 | D:10     | Reached skill level 5 in Transmutations
 16202 | D:10     | XOM: cast spell 'Call Canine Familiar'
 16421 | D:10     | Killed Joseph
 16715 | D:10     | Found a hazy altar of Hepliaklqana.
 16803 | D:10     | XOM: give mutation
 16803 | D:10     | Gained mutation: You are frail. (-10% HP) [Xom's mischief]
 16829 | D:10     | Lost mutation: You are frail. (-10% HP) [potion of
                  | mutation]
 16829 | D:10     | Lost mutation: Your spells are a little harder to cast, but
                  | a little more powerful. [potion of mutation]
 16829 | D:10     | Gained mutation: You are strong-willed. (Will+) [potion of
                  | mutation]
 16829 | D:10     | Gained mutation: You are covered in fur. (AC +1) [potion of
                  | mutation]
 17124 | D:10     | Found Acomuqer's Armour Shop.
 17146 | D:10     | XOM: give mutations
 17146 | D:10     | Lost mutation: Your body sometimes deteriorates upon taking
                  | damage. [Xom's mischief]
 17146 | D:10     | Gained mutation: Armour fits poorly on your strangely
                  | shaped body. [Xom's mischief]
 17201 | D:10     | XOM is BORED!
 17201 | D:10     | XOM: give mutation
 17201 | D:10     | Lost mutation: Your system is resistant to poisons. (rPois)
                  | [Xom's mischief]
 17401 | D:11     | Noticed a two-headed ogre
 17423 | D:11     | Killed a two-headed ogre
 17812 | D:11     | XOM: stat loss: -1 Str (8/9)
 17905 | D:11     | Reached XP level 12. HP: 37/59 MP: 15/28
 18293 | D:11     | Noticed a two-headed ogre
 18302 | D:11     | Killed a two-headed ogre
 18336 | D:11     | XOM: give mutations
 18336 | D:11     | Lost mutation: Armour fits poorly on your strangely shaped
                  | body. [Xom's mischief]
 18336 | D:11     | Gained mutation: You sometimes lose the ability to read
                  | scrolls when taking damage. [Xom's mischief]
 18336 | D:11     | Lost mutation: You have a pair of small antennae on your
                  | head. [Xom's mischief]
 18350 | D:11     | Lost mutation: You sometimes lose the ability to read
                  | scrolls when taking damage. [potion of mutation]
 18350 | D:11     | Lost mutation: You occasionally shout uncontrollably at
                  | your foes. [potion of mutation]
 18350 | D:11     | Gained mutation: You are resistant to electric shocks.
                  | (rElec) [potion of mutation]
 18350 | D:11     | Gained mutation: Your spells are a little easier to cast,
                  | but a little less powerful. [potion of mutation]
 18350 | D:11     | Gained mutation: You are robust. (+10% HP) [potion of
                  | mutation]
 18451 | D:11     | XOM: 2-stop teleportation journey
 18475 | D:11     | Found a staircase to the Lair.
 18727 | D:11     | XOM: give mutations
 18727 | D:11     | Gained mutation: You have a somewhat thin skeletal
                  | structure. (Dex +2, Stealth+) [Xom's mischief]
 18727 | D:11     | Lost mutation: You have supernaturally acute eyesight.
                  | (SInv) [Xom's mischief]
 18727 | D:11     | Gained mutation: You are dopey. (Int -2) [Xom's mischief]
 18727 | D:11     | Gained mutation: You are very robust. (+20% HP) [Xom's
                  | mischief]
 18737 | Lair:1   | Entered Level 1 of the Lair of Beasts
 19034 | Lair:1   | Reached skill level 1 in Fighting
 19176 | Lair:1   | XOM: 2-stop teleportation journey
 19234 | Lair:1   | XOM: summons 4 hostile demons
 19319 | Lair:1   | XOM: silly message
 19565 | Lair:1   | XOM: polymorph yak -> wyvern
 19746 | Lair:1   | XOM: noise
 19766 | Lair:1   | XOM: scenery: summon butterflies
 19829 | Lair:1   | XOM: scenery: create altars
 19899 | Lair:1   | XOM: scenery: create altars
 19915 | Lair:1   | XOM: give mutations
 19915 | Lair:1   | Gained mutation: You possess an exceptional clarity of
                  | mind. [Xom's grace]
 19915 | Lair:1   | Gained mutation: You have sharp fingernails. [Xom's grace]
 20051 | Lair:2   | XOM: give mutation
 20051 | Lair:2   | Gained mutation: You are covered in thick fur. (AC +2)
                  | [Xom's grace]
 20090 | Lair:2   | Learned a level 5 spell: Borgnjor's Vile Clutch
 20271 | Lair:2   | Reached skill level 1 in Necromancy
 20274 | Lair:2   | Reached skill level 1 in Earth Magic
 20276 | Lair:2   | XOM: destruction
 20334 | Lair:2   | XOM: give mutations
 20334 | Lair:2   | Gained mutation: You have a pair of small horns on your
                  | head. [Xom's grace]
 20334 | Lair:2   | Gained mutation: You are partially covered in iridescent
                  | scales. (AC +2) [Xom's grace]
 20666 | Lair:2   | Noticed a seven-headed hydra
 20676 | Lair:2   | Killed a seven-headed hydra
 21649 | Lair:2   | XOM: divination: detect items
 21658 | Lair:2   | XOM: enchant monster (bad)
 21668 | Lair:2   | XOM: cast spell 'Summon Horrible Things'
 22010 | Lair:3   | XOM is BORED!
 22010 | Lair:3   | XOM: polymorph elephant -> floating eye
 22040 | Lair:2   | XOM: enchant monster (good)
 22553 | Lair:3   | XOM: 4-stop teleportation journey
 22638 | Lair:3   | XOM: divination: detect items
 22659 | Lair:3   | Noticed a five-headed hydra
 22668 | Lair:3   | Killed a five-headed hydra
 22984 | Lair:3   | XOM is BORED!
 22984 | Lair:3   | XOM: noise
 22987 | Lair:3   | Found a staircase to the Shoals.
 23027 | Lair:3   | XOM: cloud trail
 23034 | Lair:3   | XOM: god gift: 19 gold pieces
 23155 | Lair:3   | Noticed a boulder beetle
 23165 | Lair:3   | Found a hole to the Spider Nest.
 23174 | Lair:3   | Reached skill level 5 in Necromancy
 23192 | Lair:3   | Killed a boulder beetle
 23237 | Lair:3   | XOM: give mutation
 23237 | Lair:3   | Gained mutation: You are agile. (Dex +2) [Xom's grace]
 23278 | Lair:3   | Noticed a four-headed hydra
 23294 | Lair:3   | Killed a four-headed hydra
 23295 | Lair:3   | Reached skill level 5 in Earth Magic
 23369 | Lair:3   | XOM: draining
 23707 | Lair:3   | XOM: polymorph elephant -> cyclops
 23715 | Lair:3   | Identified the +1 robe of Hide-and-Seek {Contam rC++ rN+++}
                  | (Xom gifted it to you on level 3 of the Lair of Beasts)
 23715 | Lair:3   | XOM: god gift: +1 robe of Hide-and-Seek {Contam rC++ rN+++}
 23721 | Lair:3   | XOM: fake destruction
 23741 | Lair:3   | XOM: blink monster(s)
 23752 | Lair:3   | XOM: polymorph elephant -> sea snake
 23772 | Lair:2   | Reached XP level 13. HP: 63/86 MP: 4/29
 23971 | Lair:2   | XOM: summons 7 hostile demons
 24255 | Lair:3   | XOM is BORED!
 24255 | Lair:3   | XOM: give mutations
 24255 | Lair:3   | Lost mutation: You have a pair of small horns on your head.
                  | [Xom's mischief]
 24255 | Lair:3   | Lost mutation: You are dopey. (Int -2) [Xom's mischief]
 24255 | Lair:3   | Lost mutation: You are covered in thick fur. (AC +2) [Xom's
                  | mischief]
 24255 | Lair:3   | Lost mutation: You are very robust. (+20% HP) [Xom's
                  | mischief]
 24330 | Lair:3   | Noticed Gastronok
 24332 | Lair:3   | XOM: fog
 24339 | Lair:3   | XOM: fake destruction
 24700 | Lair:3   | XOM: silly message
 24702 | Lair:3   | Noticed Snorg
 24713 | Lair:3   | Killed Snorg
 25009 | Lair:3   | XOM: noise
 25169 | Lair:3   | Reached skill level 5 in Fighting
 25317 | Lair:3   | XOM: god gift: scroll of enchant armour
 25370 | Lair:3   | XOM: silly message
 25485 | Lair:3   | Cast into level 3 of the Abyss (Xom)
 25509 | Lair:3   | Escaped the Abyss
 26082 | Lair:4   | Noticed Rupert
 26085 | Lair:4   | XOM: cast spell 'Summon Hydra'
 26092 | Lair:4   | XOM: potion effect (curing)
 26107 | Lair:3   | XOM: cast spell 'Summon Ice Beast'
 26111 | Lair:3   | Killed Rupert
 26317 | Lair:3   | XOM: silly message
 26621 | Lair:4   | XOM: silly message
 26622 | Lair:4   | XOM: confuse monster(s)
 26789 | Lair:4   | XOM: give mutations
 26789 | Lair:4   | Gained mutation: You are mostly covered in iridescent
                  | scales. (AC +4) [Xom's grace]
 26789 | Lair:4   | Gained mutation: You are very robust. (+20% HP) [Xom's
                  | grace]
 26789 | Lair:4   | Lost mutation: Your spells are a little easier to cast, but
                  | a little less powerful. [Xom's grace]
 26889 | Lair:4   | XOM: chaos cloud
 27113 | Lair:4   | XOM: give mutations
 27113 | Lair:4   | Lost mutation: You are very robust. (+20% HP) [Xom's
                  | mischief]
 27113 | Lair:4   | Gained mutation: You have a pair of small antennae on your
                  | head. [Xom's mischief]
 27113 | Lair:4   | Lost mutation: You are covered in fur. (AC +1) [Xom's
                  | mischief]
 27178 | Lair:4   | XOM: 1-stop teleportation journey
 27243 | Lair:4   | XOM: give mutations
 27243 | Lair:4   | Lost mutation: You are mostly covered in iridescent scales.
                  | (AC +4) [Xom's mischief]
 27243 | Lair:4   | Lost mutation: You have a somewhat thin skeletal structure.
                  | (Dex +2, Stealth+) [Xom's mischief]
 27270 | Lair:4   | Learned a level 3 spell: Ozocubu's Armour
 27321 | Lair:4   | Reached skill level 1 in Ice Magic
 27367 | Lair:4   | XOM: give mutations
 27367 | Lair:4   | Lost mutation: You are robust. (+10% HP) [Xom's mischief]
 27367 | Lair:4   | Gained mutation: You occasionally shout uncontrollably at
                  | your foes. [Xom's mischief]
 27367 | Lair:4   | Gained mutation: You are frail. (-10% HP) [Xom's mischief]
 27367 | Lair:4   | Lost mutation: You occasionally shout uncontrollably at
                  | your foes. [Xom's mischief]
 27379 | Lair:4   | XOM: repel stairs
 27495 | Lair:4   | Reached skill level 2 in Ice Magic
 27627 | Lair:4   | XOM: silly message
 27909 | Lair:4   | XOM: silly message
 27970 | Lair:4   | Reached skill level 3 in Ice Magic
 28079 | Lair:4   | XOM: summons 7 hostile demons
 28415 | Lair:4   | XOM: torment (41/66 hp)
 28690 | Lair:5   | XOM: silly message
 28692 | Lair:5   | XOM: polymorph yak -> centaur
 28702 | Lair:5   | Reached skill level 4 in Ice Magic
 28718 | Lair:5   | XOM: polymorph komodo dragon -> snapping turtle
 29184 | Lair:5   | Reached skill level 5 in Ice Magic
 29497 | Lair:5   | You fall into a shaft and drop 1 floor!
 29497 | Lair:6   | Entered Level 6 of the Lair of Beasts
 29503 | Lair:6   | XOM: swap monsters
 29504 | Lair:6   | Found a runed translucent door.
 29505 | Lair:6   | Identified the +10 spear of Matse {flame, rPois Str+6}
 29508 | Lair:6   | Noticed hawla's ghost (journeyman DENe)
 29520 | Lair:6   | XOM: fog
 29533 | Lair:6   | XOM: destruction
 29539 | Lair:6   | XOM: god gift: book of Iron
 29577 | Lair:5   | Reached skill level 6 in Ice Magic
 30140 | Lair:5   | XOM: fog
 30517 | Lair:5   | XOM: scenery: create altars
 30764 | Lair:5   | XOM: 2-stop teleportation journey
 30895 | Lair:5   | Noticed Nessos
 30903 | Lair:5   | Killed Nessos
 30904 | Lair:5   | Reached skill level 7 in Ice Magic
 31159 | Lair:5   | XOM: scenery: 1 doors close
 31359 | Lair:6   | XOM: summons friendly quasit
 31713 | Lair:5   | XOM: 4-stop teleportation journey
 31732 | Lair:6   | Reached skill level 8 in Ice Magic
 31732 | Lair:6   | Reached XP level 14. HP: 46/72 MP: 15/30
 32040 | Lair:6   | XOM: smoke on damage
 32531 | Lair:6   | Reached skill level 9 in Ice Magic
 32555 | Lair:6   | XOM: destruction
 32708 | Lair:6   | XOM: destruction
 32866 | Lair:6   | XOM: scenery: summon butterflies
 33304 | Lair:6   | Found a staircase to the Slime Pits.
 33309 | Lair:6   | XOM: scenery: summon butterflies
 33318 | Lair:6   | Reached skill level 10 in Ice Magic
 33628 | Lair:6   | XOM: polymorph polar bear -> tengu
 33675 | Lair:6   | XOM: 3-stop teleportation journey
 34032 | Lair:6   | XOM: give mutations
 34032 | Lair:6   | Gained mutation: You expend magic power (3 MP) to
                  | strengthen your wands. [Xom's grace]
 34032 | Lair:6   | Gained mutation: Your mind is acute. (Int +2) [Xom's grace]
 34329 | Lair:6   | Reached skill level 11 in Ice Magic
 34478 | Lair:6   | XOM: polymorph wolf -> worm
 34479 | Lair:6   | XOM: cast spell 'Summon Hydra'
 34492 | Lair:6   | XOM: divination: magic mapping
 34861 | Lair:6   | XOM: 1-stop teleportation journey
 35563 | Lair:6   | XOM: silly message
 35724 | Lair:6   | XOM: divination: detect creatures
 35765 | Lair:6   | XOM: silly message
 35914 | Lair:6   | XOM: confuse monster(s)
 35932 | Lair:6   | XOM: smoke on damage
 35934 | Lair:6   | XOM: confuse monster(s)
 36355 | Lair:6   | XOM: potion effect (curing)
 36360 | Lair:6   | XOM: noise
 36362 | Lair:6   | Killed hawla's ghost
 36363 | Lair:6   | Reached skill level 12 in Ice Magic
 36904 | Orc:1    | Entered Level 1 of the Orcish Mines
 36907 | Orc:1    | Noticed an orc warlord
 36909 | Orc:1    | XOM: confuse monster(s)
 37046 | D:9      | XOM: divination: detect items
 37350 | D:9      | XOM: god gift: worn ivory wand {god gift}
 37364 | D:9      | Learned a level 7 spell: Ozocubu's Refrigeration
 37500 | Orc:1    | XOM: enchant monster (good)
 37520 | Orc:1    | Killed an orc warlord
 37521 | Orc:1    | Reached skill level 1 in Evocations
 37951 | D:9      | XOM: 5-stop teleportation journey
 37987 | Orc:1    | XOM: noise
 38078 | Orc:1    | XOM: smoke on damage
 38408 | Orc:2    | Entered Level 2 of the Orcish Mines
 38863 | Orc:1    | XOM: give mutations
 38863 | Orc:1    | Lost mutation: You are frail. (-10% HP) [Xom's mischief]
 38863 | Orc:1    | Gained mutation: You are highly strong-willed. (Will++)
                  | [Xom's mischief]
 38863 | Orc:1    | Lost mutation: You are partially covered in iridescent
                  | scales. (AC +2) [Xom's mischief]
 39386 | Orc:2    | Noticed an orc warlord
 39391 | Orc:2    | XOM: scenery: summon butterflies
 39406 | Orc:2    | Reached skill level 13 in Ice Magic
 39412 | Orc:2    | XOM: summons 11 friendly demons
 39419 | Orc:2    | Killed an orc warlord
 39454 | Orc:2    | XOM: scenery: create altars
 39640 | Orc:2    | XOM: fog
 39659 | Orc:2    | XOM: scenery: create altars
 39732 | Orc:2    | Found Usaiq's Antique Armour Shop.
 39732 | Orc:2    | Found Beruopom's Antique Weapon Shop.
 39732 | Orc:2    | XOM: 5-stop teleportation journey
 40011 | Orc:2    | Found a staircase to the Elven Halls.
 40017 | Elf:1    | Entered Level 1 of the Elven Halls
 40154 | Orc:2    | XOM: enchant monster (good)
 40262 | Orc:2    | XOM: god gift: potion of haste
 40544 | Orc:2    | Found a burning altar of Makhleb.
 40666 | Orc:2    | XOM: cloud trail
 40740 | Orc:2    | XOM: potion effect (might)
 40756 | Orc:2    | Noticed Blork the orc
 40768 | Orc:2    | Killed Blork the orc
 41163 | Orc:2    | XOM: god gift: wand of paralysis (4)
 41629 | Orc:2    | XOM: polymorph orc warrior -> iguana
 42050 | Orc:2    | Found Dostitunky's Book Shop.
 42053 | Orc:2    | Found Erosow's General Store.
 42070 | Orc:2    | XOM: god gift: plate armour {god gift}
 42134 | Orc:2    | Bought a potion of heal wounds for 65 gold pieces
 42134 | Orc:2    | Bought a potion of heal wounds for 65 gold pieces
 42150 | Orc:2    | Bought a manual of Shields for 880 gold pieces
 42406 | D:12     | Reached skill level 1 in Shields
 42406 | D:12     | Reached XP level 15. HP: 40/84 MP: 14/31
 42693 | D:12     | XOM: noise
 42740 | D:12     | Reached skill level 5 in Stealth
 43162 | D:12     | XOM: silly message
 43258 | D:12     | Identified the +1 chain mail "Qoregul" {Fly Slay+3}
 43296 | D:12     | XOM is BORED!
 43510 | D:12     | XOM: 1-stop teleportation journey
 43586 | D:12     | XOM: cast spell 'Death Channel'
 44057 | D:13     | XOM: 6-stop teleportation journey
 44112 | D:13     | Noticed Maurice
 44120 | D:13     | XOM: polymorph vault guard -> tyrant leech
 44125 | D:13     | Killed Maurice
 44296 | D:13     | XOM: 1-stop teleportation journey
 44321 | D:13     | Found a gate leading to a gauntlet.
 44329 | Gauntlet | Entered a Gauntlet
 44329 | Gauntlet | Found a transporter.
 44340 | Gauntlet | Found a transporter.
 44344 | Gauntlet | Found a transporter.
 44352 | Gauntlet | Found a transporter.
 44356 | Gauntlet | Found a transporter.
 44364 | Gauntlet | Found a transporter.
 44368 | Gauntlet | Found a transporter.
 44379 | Gauntlet | Found a transporter.
 44380 | Gauntlet | Found a transporter.
 44386 | Gauntlet | Found a runed translucent gate.
 44388 | Gauntlet | Found a transporter.
 44389 | Gauntlet | Found a runed translucent gate.
 44390 | Gauntlet | Found a runed translucent gate.
 44411 | Gauntlet | Found a transporter.
 44423 | Gauntlet | Found a transporter.
 44435 | Gauntlet | Found a transporter.
 44447 | Gauntlet | Found a transporter.
 44516 | Gauntlet | HP: 2/84 [soul eater/drain life (8)]
 44524 | Gauntlet | XOM: stat loss: -1 Int (33/34)
 44531 | Gauntlet | HP: 4/81 [soul eater (11)]
 44533 | Gauntlet | XOM: give mutation
 44533 | Gauntlet | Lost mutation: You possess an exceptional clarity of mind.
                  | [Xom's mischief]
 45183 | Gauntlet | Identified the +1 ring mail "Woizored" {Drain rF++ rC+
                  | Int+3}
 45183 | Gauntlet | Identified the ring "Kohof" {+Blink rPois rCorr Str+6}
 45185 | Gauntlet | XOM: polymorph minotaur -> emperor scorpion
 45204 | Gauntlet | XOM: divination: detect creatures
 45206 | Gauntlet | HP: 3/79 [emperor scorpion (11)]
 45510 | D:13     | XOM: scenery: create altars
 46209 | D:13     | XOM: scenery: create altars
 46307 | D:13     | XOM: give mutations
 46307 | D:13     | Gained mutation: Your spells are a little harder to cast,
                  | but a little more powerful. [Xom's grace]
 46307 | D:13     | Gained mutation: You have a pair of antennae on your head.
                  | [Xom's grace]
 46711 | D:13     | Found a gate to the Vaults.
 47257 | D:13     | XOM: give mutations
 47257 | D:13     | Gained mutation: You have sharp toenails. [Xom's grace]
 47257 | D:13     | Gained mutation: Your mind is very acute. (Int +4) [Xom's
                  | grace]
 47257 | D:13     | Gained mutation: Your system is resistant to poisons.
                  | (rPois) [Xom's grace]
 47257 | D:13     | Gained mutation: Your muscles are strong. (Str +2) [Xom's
                  | grace]
 47960 | D:14     | Reached skill level 14 in Ice Magic
 47967 | D:14     | Reached skill level 5 in Shields
 48481 | D:13     | XOM: god gift: piece from Xom's chessboard (15/15)
 48515 | D:11     | XOM is BORED!
 48515 | D:11     | XOM: summons 8 hostile demons
 48900 | Spider:1 | Entered Level 1 of the Spider Nest
 50044 | Spider:1 | XOM: give mutations
 50044 | Spider:1 | Gained mutation: You are frail. (-10% HP) [Xom's mischief]
 50044 | Spider:1 | Lost mutation: Your mind is very acute. (Int +4) [Xom's
                  | mischief]
 50044 | Spider:1 | Lost mutation: You have sharp toenails. [Xom's mischief]
 50259 | Spider:1 | XOM: polymorph wolf spider -> redback
 50283 | Spider:1 | XOM: 2-stop teleportation journey
 50560 | Spider:1 | XOM: polymorph jumping spider -> raiju
 50569 | Spider:1 | XOM: divination: detect items
 50572 | Spider:1 | XOM: 1-stop teleportation journey
 51244 | Spider:1 | XOM: polymorph jumping spider -> harpy
 51536 | Spider:1 | XOM: noise
 52562 | Spider:1 | XOM: give mutations
 52562 | Spider:1 | Lost mutation: You are agile. (Dex +2) [Xom's mischief]
 52562 | Spider:1 | Lost mutation: You are resistant to electric shocks.
                  | (rElec) [Xom's mischief]
 52608 | Spider:2 | XOM: confuse monster(s)
 53017 | Spider:2 | Reached skill level 15 in Ice Magic
 53018 | Spider:2 | XOM: god gift: rapier {god gift}
 53132 | Spider:2 | XOM: summons friendly quasit
 53141 | Spider:1 | XOM is BORED!
 53141 | Spider:1 | XOM: swap monsters
 53204 | Spider:1 | XOM: give mutations
 53204 | Spider:1 | Lost mutation: You have a pair of antennae on your head.
                  | [Xom's mischief]
 53204 | Spider:1 | Lost mutation: You expend magic power (3 MP) to strengthen
                  | your wands. [Xom's mischief]
 53204 | Spider:1 | Lost mutation: You are highly strong-willed. (Will++)
                  | [Xom's mischief]
 53204 | Spider:1 | Lost mutation: You have sharp fingernails. [Xom's mischief]
 53355 | Spider:1 | XOM: give mutations
 53355 | Spider:1 | Gained mutation: You have large cloven feet. [Xom's grace]
 53355 | Spider:1 | Gained mutation: Your flesh is cold resistant. (rC+) [Xom's
                  | grace]
 53355 | Spider:1 | Gained mutation: You are highly strong-willed. (Will++)
                  | [Xom's grace]
 53432 | Spider:1 | XOM: god gift: spear {god gift}
 53653 | Spider:1 | XOM: give mutations
 53653 | Spider:1 | Gained mutation: Armour fits poorly on your strangely
                  | shaped body. [Xom's mischief]
 53653 | Spider:1 | Lost mutation: You have a pair of small antennae on your
                  | head. [Xom's mischief]
 53653 | Spider:1 | Lost mutation: Your flesh is cold resistant. (rC+) [Xom's
                  | mischief]
 53653 | Spider:1 | Gained mutation: You are clumsy. (Dex -2) [Xom's mischief]
 53791 | Spider:1 | XOM: give mutations
 53791 | Spider:1 | Gained mutation: Your flesh is cold resistant. (rC+) [Xom's
                  | grace]
 53791 | Spider:1 | Gained mutation: You are partially covered in iridescent
                  | scales. (AC +2) [Xom's grace]
 53830 | Spider:2 | XOM: fake destruction
 54205 | Spider:2 | XOM: potion effect (curing)
 54543 | Spider:2 | XOM: polymorph jumping spider -> fire crab
 54762 | Spider:1 | XOM: give mutations
 54762 | Spider:1 | Gained mutation: You are covered in fur. (AC +1) [Xom's
                  | grace]
 54762 | Spider:1 | Gained mutation: You have a pair of small antennae on your
                  | head. [Xom's grace]
 54762 | Spider:1 | Gained mutation: You are mostly covered in iridescent
                  | scales. (AC +4) [Xom's grace]
 54762 | Spider:1 | Gained mutation: You are extremely strong-willed. (Will+++)
                  | [Xom's grace]
 55002 | Spider:2 | XOM: cast spell 'Summon Hydra'
 55142 | Spider:2 | Learned a level 5 spell: Freezing Cloud
 55298 | Spider:2 | Reached XP level 16. HP: 79/79 MP: 8/32
 55318 | Spider:2 | XOM: give mutation
 55318 | Spider:2 | Lost mutation: Armour fits poorly on your strangely shaped
                  | body. [Xom's mischief]
 55909 | Spider:2 | XOM: silly message
 55918 | Spider:2 | XOM: summons 3 hostile shadow creatures
 56433 | Spider:1 | XOM: give mutation
 56433 | Spider:1 | Gained mutation: You passively dampen the noise of your
                  | surroundings. [Xom's grace]
 56872 | Spider:3 | Reached skill level 10 in Shields
 56917 | Spider:2 | XOM: summons 1 hostile demon
 57084 | Spider:2 | XOM: god gift: 5 atropa-tipped darts
 57446 | Spider:3 | XOM: polymorph wolf spider -> lindwurm
 57998 | Spider:3 | XOM: 3-stop teleportation journey
 58021 | Spider:3 | XOM is BORED!
 58021 | Spider:3 | XOM: stat loss: -1 Dex (10/11)
 58486 | Spider:3 | XOM is BORED!
 58855 | Spider:3 | XOM: give mutations
 58855 | Spider:3 | Lost mutation: You have large cloven feet. [Xom's mischief]
 58855 | Spider:3 | Lost mutation: You are clumsy. (Dex -2) [Xom's mischief]
 58855 | Spider:3 | Lost mutation: Your muscles are strong. (Str +2) [Xom's
                  | mischief]
 58855 | Spider:3 | Lost mutation: You have a pair of small antennae on your
                  | head. [Xom's mischief]
 59171 | Spider:3 | Identified the +1 leather armour of Dogmatism {Str-3 Int+3
                  | SInv}
 59220 | Spider:3 | XOM: noise
 59221 | Spider:3 | Identified the +1 robe of Fun and Games {rF+ Regen+ Dex+4}
 59290 | Spider:3 | XOM: stat loss: -1 Dex (15/17)
 59315 | Spider:4 | Entered Level 4 of the Spider Nest
 59318 | Spider:4 | XOM: destruction
 59320 | Spider:4 | XOM: potion effect (curing)
 59325 | Spider:4 | Reached skill level 16 in Ice Magic
 59356 | Spider:3 | XOM: god gift: book of Dreams
 59534 | Spider:3 | XOM: give mutations
 59534 | Spider:3 | Lost mutation: Your system is resistant to poisons. (rPois)
                  | [Xom's mischief]
 59534 | Spider:3 | Lost mutation: You are extremely strong-willed. (Will+++)
                  | [Xom's mischief]
 59534 | Spider:3 | Lost mutation: You are highly strong-willed. (Will++)
                  | [Xom's mischief]
 59534 | Spider:3 | Gained mutation: You are completely covered in iridescent
                  | scales. (AC +6) [Xom's mischief]
 59603 | Spider:4 | XOM: give mutations
 59603 | Spider:4 | Gained mutation: Your body sometimes deteriorates upon
                  | taking damage. [Xom's mischief]
 59603 | Spider:4 | Lost mutation: You are frail. (-10% HP) [Xom's mischief]
 59603 | Spider:4 | Gained mutation: Armour fits poorly on your strangely
                  | shaped body. [Xom's mischief]
 59603 | Spider:4 | Gained mutation: You sometimes lose the ability to read
                  | scrolls when taking damage. [Xom's mischief]
 59756 | Spider:4 | XOM: summons 9 hostile demons
 60339 | Spider:4 | XOM: 4-stop teleportation journey
 60340 | Spider:4 | Noticed Arachne
 60352 | Spider:4 | XOM: 3-stop teleportation journey
 60356 | Spider:4 | XOM: scenery: create altars
 60373 | Spider:4 | XOM: repel stairs
 60384 | Spider:4 | XOM: 1-stop teleportation journey
 60396 | Spider:4 | XOM: give mutation
 60396 | Spider:4 | Lost mutation: You are completely covered in iridescent
                  | scales. (AC +6) [Xom's mischief]
 60553 | Spider:4 | Killed Arachne
 60554 | Spider:4 | Reached skill level 17 in Ice Magic
 60700 | Spider:4 | XOM: give mutations
 60700 | Spider:4 | Gained mutation: Your mind is very acute. (Int +4) [Xom's
                  | grace]
 60700 | Spider:4 | Gained mutation: You are highly strong-willed. (Will++)
                  | [Xom's grace]
 60700 | Spider:4 | Gained mutation: You have a pair of small horns on your
                  | head. [Xom's grace]
 60819 | Spider:4 | XOM: 1-stop teleportation journey
 60821 | Spider:4 | XOM: silly message
 61207 | Spider:4 | Cast into level 4 of the Abyss (Xom)
 61211 | Abyss:4  | Found a corrupted altar of Lugonu.
 61221 | Abyss:4  | Found a corrupted altar of Lugonu.
 61267 | Abyss:4  | XOM: give mutations
 61267 | Abyss:4  | Lost mutation: Armour fits poorly on your strangely shaped
                  | body. [Xom's mischief]
 61267 | Abyss:4  | Gained mutation: You tend to lose your temper in combat.
                  | [Xom's mischief]
 61291 | Abyss:4  | Noticed a tentacled starspawn
 61297 | Abyss:4  | XOM: divine lightning
 61301 | Abyss:4  | Killed a tentacled starspawn
 61409 | Abyss:4  | Noticed a bone dragon
 61427 | Abyss:4  | XOM: enchant monster (good)
 61463 | Abyss:4  | Noticed a bone dragon
 61480 | Abyss:4  | XOM: cast spell 'Summon Horrible Things'
 61486 | Abyss:4  | Killed a bone dragon
 61517 | Abyss:5  | Entered Level 5 of the Abyss
 61519 | Abyss:5  | Found a corrupted altar of Lugonu.
 61583 | Abyss:5  | XOM: confusion (+ monsters)
 61625 | Abyss:5  | Noticed a tentacled starspawn
 61632 | Abyss:5  | XOM: summons 2 friendly demons
 61635 | Abyss:5  | XOM: silly message
 61641 | Abyss:5  | XOM: stat loss: -1 Dex (16/17)
 61646 | Abyss:5  | XOM: cleaving
 61671 | Abyss:5  | Killed a tentacled starspawn
 61678 | Spider:4 | Escaped the Abyss
 61691 | Spider:4 | XOM: potion effect (brilliance)
 61702 | Spider:4 | XOM: polymorph orb spider -> floating eye
 61788 | Spider:4 | Paralysed by a floating eye for 2 turns
 61791 | Spider:4 | XOM: confusion (+ monsters)
 61853 | Spider:4 | XOM: give mutations
 61853 | Spider:4 | Gained mutation: You are frail. (-10% HP) [Xom's mischief]
 61853 | Spider:4 | Lost mutation: You are mostly covered in iridescent scales.
                  | (AC +4) [Xom's mischief]
 61853 | Spider:4 | Lost mutation: Your spells are a little harder to cast, but
                  | a little more powerful. [Xom's mischief]
 61853 | Spider:4 | Gained mutation: You are occasionally teleported next to
                  | monsters. [Xom's mischief]
 61950 | Spider:3 | Succumbed to a ghost moth's poison

Illustrated notes

Levels and vault maps discovered:
D:1:      amcnicky_arrival_wind_blow, layout_loops_ring,
          dreamdust_ecumenical_altar_statues
D:2:      layout_loops_ring, serial_shops, shop, uniq_terence
D:3:      layout_basic, serial_shops, shop
D:4:      layout_rooms, minmay_manual_monstrance
D:5:      layout_loops_ring, mainiacjoe_overflow_paths,
          mainiacjoe_overflow_chevrons, gup_sewer_entry_spiral, serial_shops,
          shop, kennysheep_generic_room_7, uniq_sigmund, uniq_pikel
D:6:      layout_cave_pools, corner_web_ring, uniq_grinder
D:7:      layout_cave_pools, general_overflow_altar,
          minmay_temple_entry_enclosed_plants, hangedman_glass_teeth,
          worms_lemuel
D:8:      layout_loops_ring, kennysheep_potato
D:9:      minmay_klotski, layout_irregular_city, lightli_temple_of_fire,
          kennysheep_orc_monster_closet_entryway
D:10:     layout_basic, mainiacjoe_overflow_boulevard,
          nicolae_hepliaklqana_hazy_memory, serial_shops, kennysheep_little_box,
          uniq_sonja, uniq_joseph
D:11:     layout_basic, david_lair_generic
D:12:     layout_rooms
D:13:     layout_layer_cave, ximxim_vaults_locker_room, gauntlet_entry_generic,
          kennysheep_generic_room_4, uniq_maurice
D:14:     layout_cave_pools, minmay_crystal_room
Lair:1:   layout_loops_ring
Lair:2:   layout_loops_ring, chequers_serial_rivers_micro_c,
          chequers_serial_rivers_large_b, wad_woods_river_04
Lair:3:   layout_big_grid, minmay_shoals_entry_hut,
          nicolae_spider_entry_non_spiders, portal_ice_cave_entry_pillars_1,
          minmay_lair_oklob_chamber, grunt_megastairs_1, uniq_gastronok,
          uniq_snorg
Lair:4:   layout_cave_pods, minmay_hedge_maze, st_stairs_11, uniq_rupert
Lair:5:   dpeg_oklob_gauntlet, layout_long_grid,
          grunt_forest_large_clearing_hut, uniq_nessos
Lair:6:   minmay_lair_end_enchanted_forest, layout_small_grid,
          minmay_slime_entry_oklob_open, ebering_ghost_funeral_grove,
          lemuel_fruit_fields
Spider:1: layout_chambers, hangedman_spider_tarantella_strand
Spider:2: layout_spider_delve, nicolae_spider_cling_halls
Spider:3: layout_spider_delve
Spider:4: guppyfry_spider_rune, uniq_arachne
Orc:1:    layout_caves
Orc:2:    grunt_orc_cross, layout_diamond_mine, bloody_makhleb
Elf:1:    layout_geoelf_grid, serial_shops, nicolae_lakefront_shop,
          minmay_elf_crystal_hexagon, nicolae_elf_loose_elemental_storage,
          uniq_frances

Skill      XL: |  1  2  3  4  5  6  7  8  9 10 11 12 13 14 15 16 |
---------------+-------------------------------------------------+-----
Spellcasting   | 4 6 7 9 10 11 | 11.7
Conjurations   | 5 6 7 8 9 10 11 12 13 | 13.3
Axes           | 3 6 9 10 | 10.9
Hexes          | 3 7 |  7.7
Translocations | 2 5 6 |  6.4
Dodging        | 6 7 |  7.8
Transmutations | 2 5 6 |  6.6
Fighting       | 4 6 |  6.1
Necromancy     | 5 8 |  8.1
Earth Magic    | 5 7 |  7.4
Ice Magic      | 8 13 15 17 | 17.0
Evocations     | 4 |  4.0
Stealth        | 4 6 |  6.3
Shields        | 1 9 10 | 10.5

Action                   |  1- 3 |  4- 6 |  7- 9 | 10-12 | 13-15 | 16-18 || total
-------------------------+-------+-------+-------+-------+-------+-------++-------
Melee: Unarmed           |     1 |       |       |    18 |     9 |       ||    28
       Staff             |       |       |     4 |     4 |    65 |    19 ||    92
       Headbutt          |       |       |       |     1 |       |       ||     1
       Kick              |       |       |       |       |     4 |     3 ||     7
       Battleaxe         |       |       |       |       |     4 |       ||     4
 Cast: Magic Dart        |    61 |    46 |   130 |   152 |   190 |     9 ||   588
       Searing Ray       |     1 |    11 |    33 |   113 |   126 |    13 ||   297
       Iskenderun's Myst |       |     1 |     5 |    53 |   124 |    45 ||   228
       Fulminant Prism   |       |       |    13 |    50 |   116 |     8 ||   187
       Spider Form       |       |       |       |     3 |     2 |       ||     5
       Borgnjor's Vile C |       |       |       |     2 |   215 |    41 ||   258
       Ozocubu's Refrige |       |       |       |       |     6 |     8 ||    14
       Freezing Cloud    |       |       |       |       |     5 |    32 ||    37
       Ozocubu's Armour  |       |       |       |       |     1 |       ||     1
Evoke: Wand              |       |       |       |     3 |    23 |     1 ||    27
       Piece from Xom's  |       |       |       |       |     3 |     1 ||     4
  Use: Scroll            |       |     5 |     3 |    14 |    16 |     2 ||    40
       Potion            |       |       |       |     2 |    14 |     4 ||    20
Armor: Robe              |       |     7 |    13 |    70 |   106 |   126 ||   322
       Skin              |       |       |       |     3 |       |     4 ||     7
Dodge: Dodged            |     4 |     8 |    31 |   198 |   330 |   228 ||   799
Block: Other             |       |       |     2 |    56 |    51 |       ||   109
       Reflection        |       |       |       |     6 |     5 |       ||    11
       Buckler           |       |       |       |       |    82 |   106 ||   188
